 Dungeon Crawl Stone Soup version 0.18.1-48-g4cf74bf (webtiles) character file.

1715 wemp the Covert (level 8, -2/36 HPs)
             Began as a Spriggan Enchanter on Aug 9, 2016.
             Slain by a hippogriff (3 damage)
             ... on level 6 of the Dungeon.
             The game lasted 00:19:26 (5436 turns).

wemp the Covert (Spriggan Enchanter)                Turns: 5436, Time: 00:19:27

Health: -2/36      AC:  4    Str:  4    XL:     8   Next: 74%
Magic:  3/21       EV: 18    Int: 19    God:
Gold:   321        SH:  0    Dex: 16    Spells: 3 memorised, 18 levels left

rFire  . . .     SeeInvis +     a - +1 dagger
rCold  . . .     Gourm    .     b - +1 robe
rNeg   . . .     Faith    +     (shield restricted)
rPois  .         Spirit   .     (helmet restricted)
rElec  .         Dismiss  .     x - +0 cloak
rCorr  .         Reflect  .     (gloves unavailable)
SustAt .         Harm     .     (boots unavailable)
MR     +....                    d - amulet of faith
Stlth  ++++++....               (no ring)
                                u - ring of see invisible

@: very quick, somewhat resistant to hostile enchantments, very stealthy
A: unfitting armour, see invisible, herbivore 3, speed 3, slow metabolism 2
a: no special abilities


You were on level 6 of the Dungeon.
You were not hungry.

You visited 1 branch of the dungeon, and saw 6 of its levels.

You collected 321 gold pieces.

Inventory:

Hand Weapons
 a - a +1 dagger (weapon)
Missiles
 n - 6 tomahawks (quivered)
Armour
 b - a +1 robe (worn)
 v - a +0 buckler
 x - a +0 cloak (worn)
Jewellery
 d - an amulet of faith (around neck)
 u - a ring of see invisible (left hand)
Wands
 r - a wand of digging (10/24)
 H - a wand of polymorph (11/24)
Scrolls
 e - 3 scrolls of identify
 f - a scroll of enchant weapon {unknown}
 h - 3 scrolls of fear {unknown}
 i - 5 scrolls of teleportation {unknown}
 k - a scroll of immolation {unknown}
 o - a scroll of magic mapping {unknown}
 p - a scroll of noise {unknown}
 t - a scroll of fog {unknown}
 w - a scroll of random uselessness {unknown}
 y - a scroll of recharging {unknown}
 z - 3 scrolls of remove curse
 D - a scroll of blinking {unknown}
Potions
 g - a potion of cancellation {unknown}
 j - 3 potions of curing {unknown}
 l - 4 potions of brilliance {unknown}
 m - a potion of heal wounds {unknown}
 q - 2 potions of lignification
 s - a potion of invisibility {unknown}
 A - a potion of degeneration {unknown}
 B - 2 potions of flight {unknown}
 C - a potion of beneficial mutation {unknown}
 F - a potion of berserk rage {unknown}
Books
 c - a book of Maledictions

   Spells                             Type                      Level
   a - Corona                         Hexes                        1
   b - Ensorcelled Hibernation        Hexes/Ice                    2
   c - Confuse                        Hexes                        3
   d - Tukima's Dance                 Hexes                        3
   e - Dazzling Spray                 Conjuration/Hexes            3
 G - a book of Geomancy

   Spells                             Type                      Level
   a - Sandblast                      Earth                        1
   b - Passwall                       Transmutation/Earth          2
   c - Stone Arrow                    Conjuration/Earth            3
   d - Petrify                        Transmutation/Earth          4
   e - Lee's Rapid Deconstruction     Earth                        5
Comestibles
 E - a bread ration
 I - a slice of pizza


   Skills:
 - Level 1.1 Short Blades
 - Level 3.0 Dodging
 + Level 11.6 Stealth
 * Level 8.6 Spellcasting
 + Level 6.5 Hexes
 + Level 2.0 Ice Magic


You had 18 spell levels left.
You knew the following spells:

 Your Spells              Type           Power        Failure   Level  Hunger
a - Corona                Hex            ####...      1%          1    None
b - Ensorcelled Hibernat  Hex/Ice        ###...       2%          2    None
c - Confuse               Hex            ####....     1%          3    None


Dungeon Overview and Level Annotations

Branches:
Dungeon (6/15)
 Temple: D:4-7

Altars:
Pakellas

Shops:
D:6 [


Innate Abilities, Weirdness & Mutations

You are tiny and cannot use many weapons and most armour.
You have supernaturally acute eyesight.
You are a herbivore.
You cover ground extremely quickly.
You need consume almost no food.


Message History

Confirm with . or Enter, or press ? or * to list all spells.
Aiming: Ensorcelled Hibernation
Press: ? - help, Shift-Dir - straight line, f - hound, p - wraith
Aim: a hound (chance to defeat MR: 62%)
The hound resists with significant effort.
The hound completely misses you. The hound bites you.
* * * LOW HITPOINT WARNING * * *
The hippogriff bites you.
* * * LOW HITPOINT WARNING * * *
The hippogriff completely misses you. The hippogriff misses you.
Casting: Ensorcelled Hibernation
Confirm with . or Enter, or press ? or * to list all spells.
Aiming: Ensorcelled Hibernation
Press: ? - help, Shift-Dir - straight line, f - hippogriff, p - hound
Aim: a hippogriff (chance to defeat MR: 53%)
The hippogriff resists with significant effort.
The hound bites you.
* * * LOW HITPOINT WARNING * * *
The hippogriff bites you.
You die...

### ##>. #... #...
### ##### ####...
##.###...###......
#.h.#..#..##.###..
#@#..W###.#.)# #..
#H#####.#.#..# #..
#.# ##.#..#.## ###
#.. #.###.#.# #
#.####.#..#.# #
#...#.###.#.# #
##[#.#.#..#.#
########.#.# #...#


You could see a hippogriff and a hound.

Vanquished Creatures
  The ghost of ThereIsNoGod the Chopper, an amateur MfGl (D:4)
  Sigmund (D:5)
  A water moccasin (D:6)
  2 ice beasts (D:5)
  A sky beast (D:5)
  2 ogres (D:6)
  2 centaurs
  A giant frog (D:6)
  A scorpion (D:6)
  A crimson imp (D:5)
  A centaur skeleton (D:5)
  2 centaur zombies
  3 hounds
  Crazy Yiuf (D:2)
  Jessica (D:2)
  An iguana (D:4)
  An orc wizard (D:6)
  A worker ant (D:5)
  A hound skeleton (D:4)
  A howler monkey zombie (D:4)
  Robin (D:2)
  8 adders
  2 adder zombies (D:4)
  3 dart slugs (D:2)
  4 giant geckos
  7 orcs
  A ball python (D:2)
  2 giant cockroaches
  11 goblins
  10 hobgoblins
  7 jackals
  A quokka (D:2)
  7 bats
  2 giant cockroach zombies
  A giant gecko zombie (D:5)
  7 giant newts
  A jackal zombie (D:4)
  9 kobolds
  A quokka skeleton (D:5)
  7 rats
  A fungus (D:2)
119 creatures vanquished.

Notes
Turn   | Place    | Note
--------------------------------------------------------------
     0 | D:1      | wemp the Spriggan Enchanter began the quest for the Orb.
     0 | D:1      | Reached XP level 1. HP: 9/9 MP: 5/5
   228 | D:1      | Reached XP level 2. HP: 9/13 MP: 4/6
   414 | D:1      | Learned a level 2 spell: Ensorcelled Hibernation
   816 | D:1      | Reached skill level 5 in Stealth
  1210 | D:2      | Reached XP level 3. HP: 16/16 MP: 5/8
  1269 | D:2      | Found a faded altar to an unknown god.
  1318 | D:2      | Noticed Jessica
  1325 | D:2      | Killed Jessica
  1411 | D:2      | Reached XP level 4. HP: 17/21 MP: 10/10
  1830 | D:2      | Reached skill level 6 in Stealth
  2138 | D:2      | Noticed Robin
  2148 | D:2      | Killed Robin
  2619 | D:2      | Noticed Crazy Yiuf
  2624 | D:2      | Killed Crazy Yiuf
  2624 | D:2      | Reached XP level 5. HP: 24/24 MP: 9/12
  2671 | D:3      | Reached skill level 1 in Ice Magic
  2928 | D:3      | Reached skill level 7 in Stealth
  3277 | D:4      | Learned a level 3 spell: Confuse
  3397 | D:4      | Noticed ThereIsNoGod's ghost (amateur MfGl)
  3749 | D:4      | Reached skill level 5 in Spellcasting
  3749 | D:4      | Reached XP level 6. HP: 11/28 MP: 11/14
  4147 | D:4      | Killed ThereIsNoGod's ghost
  4147 | D:4      | Reached skill level 8 in Stealth
  4147 | D:4      | Reached skill level 5 in Hexes
  4407 | D:5      | Entered Level 5 of the Dungeon
  4412 | D:5      | Reached XP level 7. HP: 32/32 MP: 15/17
  4602 | D:5      | Reached skill level 9 in Stealth
  4806 | D:5      | Reached XP level 8. HP: 36/36 MP: 16/20
  4819 | D:5      | Noticed Sigmund
  4826 | D:5      | Killed Sigmund
  4826 | D:5      | Reached skill level 10 in Stealth
  5086 | D:6      | Reached skill level 11 in Stealth
  5253 | D:6      | Found an oddly glowing altar of Pakellas.
  5339 | D:6      | Found Dezuz's Antique Armour Shop.
  5436 | D:6      | HP: 1/36 [hound (1)]
  5436 | D:6      | Slain by a hippogriff

Skill      XL: |  1  2  3  4  5  6  7  8 |
---------------+-------------------------+-----
Spellcasting   | 3 4 5 6 7 8 |  8.6
Stealth        | 5 6 7 8 9 11 | 11.6
Hexes          | 4 5 6 |  6.5
Ice Magic      | 1 2 |  2.0
Short Blades   | |  1.1
Dodging        | |  3.0

Action                   |  1- 3 |  4- 6 |  7- 9 || total
-------------------------+-------+-------+-------++-------
Melee: Dagger            |   136 |   244 |    62 ||   442
 Cast: Corona            |    10 |       |       ||    10
       Ensorcelled Hiber |     8 |    28 |    21 ||    57
       Confuse           |       |     8 |     8 ||    16
  Use: Scroll            |       |     2 |       ||     2
 Stab: Sleeping          |    12 |    28 |    26 ||    66
       Distracted        |       |     2 |       ||     2
       Confused          |       |     5 |     4 ||     9
  Eat: Pizza             |       |     1 |       ||     1
       Bread ration      |       |     1 |       ||     1
Armor: Robe              |    27 |    30 |     5 ||    62
Dodge: Dodged            |   138 |   193 |    36 ||   367
